 Dungeon Crawl Stone Soup version 0.20.1-1-g8b1a95d (webtiles) character file.

129 Dawnplanks the Chopper (level 4, -1/40 HPs)
             Began as a Draconian Berserker on Nov 25, 2017.
             Was a Believer of Trog.
             Killed from afar by an orc wizard (13 damage)
             ... with a puff of flame
             ... on level 3 of the Dungeon.
             The game lasted 00:09:23 (1811 turns).

Dawnplanks the Chopper (Draconian Berserker)        Turns: 1811, Time: 00:09:24

Health: -1/40      AC:  8    Str: 20    XL:     4   Next: 88%
Magic:  4/4        EV: 18    Int:  8    God:    Trog [**....]
Gold:   101        SH:  0    Dex: 10    Spells: 3/3 levels left

rFire    . . .     SeeInvis .   v - +2 quarterstaff (chaos)
rCold    . . .     Gourm    +   (shield currently unavailable)
rNeg     . . .     Faith    .   (armour unavailable)
rPois    .         Spirit   .   (helmet restricted)
rElec    .         Reflect  .   w - +1 cloak {+Inv}
rCorr    .         Harm     .   m - +0 pair of gloves
MR       .....                  (no boots)
Stlth    +.........             h - amulet of the gourmand
Regen    0.2/turn               k - +5 ring of evasion
MPRegen  0.1/turn               (no ring)

@: no status effects
A: unfitting armour, cold-blooded, AC +5
a: Berserk, Trog's Hand, Burn Spellbooks, Renounce Religion, Evoke Invisibility


You were on level 3 of the Dungeon.
You worshipped Trog.
Trog was pleased with you.
You were not hungry.

You visited 1 branch of the dungeon, and saw 3 of its levels.

You collected 101 gold pieces.

Inventory:

Hand Weapons
 a - a +0 hand axe
 g - a +2 spear of venom
 v - a +2 quarterstaff of chaos (weapon)
 x - a +0 mace
Armour
 m - a +0 pair of gloves (worn)
 w - a +1 cloak of invisibility (worn)
 y - a cursed +0 plate armour
Jewellery
 h - an amulet of the gourmand (around neck)
 k - a +5 ring of evasion (left hand)
Scrolls
 e - a scroll of fear
 i - 2 scrolls of teleportation
 n - a scroll of identify {unknown}
 o - a scroll of amnesia {unknown}
 p - a scroll of remove curse {unknown}
 q - a scroll of recharging {unknown}
Potions
 c - 2 potions of agility {unknown}
 d - a potion of invisibility {unknown}
 j - a potion of heal wounds {unknown}
 r - a potion of lignification {unknown}
 s - a potion of magic {unknown}
 t - 3 potions of degeneration {unknown}
 u - a potion of mutation {unknown}
Comestibles
 b - 2 bread rations
 f - 2 fruits
 l - a royal jelly


   Skills:
 + Level 3.9 Fighting
 + Level 4.4 Axes
 + Level 3.6 Dodging
 + Level 0.2 Stealth


You had 3 spell levels left.
You didn't know any spells.

Dungeon Overview and Level Annotations

Branches:
Dungeon (3/15)

Altars:
Qazlal
Trog


Innate Abilities, Weirdness & Mutations

Your plain brown scales are hard. (AC +5)
You cannot fit into any form of body armour.
You are cold-blooded and may be slowed by cold attacks.


Message History

Found a leather armour and 17 gold pieces.
Found a bloodstained altar of Trog.
An orc and an orc priest come into view.
You see here 15 gold pieces.
You now have 101 gold pieces (gained 15).
The orc priest shouts!
The orc wizard points at you and mumbles some strange words.
The puff of frost hits you!
The orc priest mumbles some strange prayers to Beogh against you.
Beogh smites you!
The orc wizard miscasts a cantrip.
You fail to use your ability.
The orc shouts!
The orc wizard casts a spell at you. The magic dart hits you!
* * * LOW HITPOINT WARNING * * *
Unknown command.
The orc wizard gestures at you while chanting.
The puff of flame hits you!
You die...

.## #. .. #.# .#
.).#.######.###
.#.... ..#.##.......
....._ ..........##
#.... #.........##
#.o.. #...(......#
... #.........#
o.####.####@#....).#
$....ooo..o.##...#.#
#.##...######.###
.........[.# #.#
#####..........#
######.##### .# #


You could see 2 orc priests, an orc wizard and an orc.

Vanquished Creatures
  Crazy Yiuf (D:3)
  2 adders (D:2)
  An ooze (D:2)
  2 worms (D:2)
  4 dart slugs (D:1)
  2 leopard geckos
  A ball python (D:2)
  4 bats
  4 giant cockroaches
  9 goblins
  4 hobgoblins
  8 jackals (D:1)
  3 kobolds
  A quokka (D:2)
  3 frilled lizards
  7 rats
56 creatures vanquished.

Notes
Turn   | Place    | Note
-------+----------+-------------------------------------------
     0 | D:1      | Dawnplanks the Draconian Berserker began the quest for the Orb.
     0 | D:1      | Reached XP level 1. HP: 19/19 MP: 1/1
    59 | D:1      | Reached XP level 2. HP: 24/26 MP: 2/2
   429 | D:1      | Reached XP level 3. HP: 31/31 MP: 3/3
   809 | D:2      | Reached ** piety under Trog
  1007 | D:2      | Found a stormy altar of Qazlal.
  1165 | D:2      | Reached XP level 4. HP: 36/40 MP: 4/4
  1185 | D:2      | Reached skill level 4 in Axes
  1744 | D:3      | Found a runed door.
  1748 | D:3      | Noticed Crazy Yiuf
  1751 | D:3      | Killed Crazy Yiuf
  1803 | D:3      | Found a bloodstained altar of Trog.
  1811 | D:3      | Killed from afar by an orc wizard

Skill      XL: |  1  2  3  4 |
---------------+-------------+-----
Dodging        | 3 |  3.6
Axes           | 4 |  4.4
Fighting       | |  3.9
Stealth        | |  0.2

Action                   |  1- 3 |  4- 6 || total
-------------------------+-------+-------++-------
Melee: Hand axe          |   115 |    44 ||   159
       Tailslap          |    12 |     9 ||    21
Invok: Berserk           |     1 |     1 ||     2
       Trog's Hand       |       |     1 ||     1
  Use: Scroll            |       |     2 ||     2
 Stab: Sleeping          |     1 |       ||     1
  Eat: Chunk             |    10 |     4 ||    14
Armor: Skin              |    26 |     5 ||    31
Dodge: Dodged            |   103 |    35 ||   138
